 Dungeon Crawl Stone Soup version 0.18-a0-1514-g6ed9364 (webtiles) character file.

15351 Gorice the Spear-Bearer (level 12, -6/86 HPs)
             Began as a Demonspawn Gladiator on Mar 6, 2016.
             Was an Elder of Okawaru.
             Mangled by a large abomination (25 damage)
             ... on level 2 of the Abyss.
             The game lasted 00:47:31 (9878 turns).

Gorice the Spear-Bearer (Demonspawn Gladiator)      Turns: 9878, Time: 00:47:31

Health: -6/86      AC: 23    Str: 17 (18) XL:     12   Next: 0%
Magic:  13/14      EV:  6    Int: 10      God:    Okawaru [****..]
Gold:   572        SH:  0    Dex: 14      Spells: 0 memorised, 11 levels left

rFire  + . .     SeeInvis .     a - +3 halberd (freeze)
rCold  + . .     Gourm    .     K - +0 plate armour
rNeg   . . .     Faith    .     (shield currently unavailable)
rPois  .         Spirit   .     (helmet unavailable)
rElec  .         Dismiss  .     (no cloak)
rCorr  .         Reflect  .     s - +1 pair of gloves
SustAt .         Harm     .     (no boots)
MR     .....                    x - amulet of regeneration
Stlth  ..........               q - ring of protection from fire
                                C - ring of flight

@: very slightly contaminated, not resistant to hostile enchantments, extremely
unstealthy
A: horns 3, rough black scales 2, blurry vision 3, cold resistance 1,
deterioration 2, rot immunity
a: Heroism, Renounce Religion, Evoke Flight


You were on level 2 of the Abyss.
You worshipped Okawaru.
Okawaru was greatly pleased with you.
You were not hungry.

You visited 2 branches of the dungeon, and saw 12 of its levels.
You visited the Abyss 1 time.

You collected 572 gold pieces.

Inventory:

Hand Weapons
 a - a +3 halberd of freezing (weapon)
   (You took it off a wight on level 7 of the Dungeon)
 b - a +2 trident of flaming
   (You took it off an orc warrior on level 8 of the Dungeon)
 B - a +0 blowgun
 Q - a +1 vampiric trident
   (You took it off an orc on level 9 of the Dungeon)
Missiles
 h - 2 silver javelins
 n - 17 tomahawks
 r - 26 poisoned needles
 v - 45 sling bullets
 L - 3 javelins
 U - 6 curare-tipped needles
 W - 6 poisoned javelins (quivered)
 Y - a throwing net
Armour
 s - a +1 pair of gloves (worn)
 K - a +0 plate armour (worn)
Jewellery
 l - an uncursed ring of protection from cold
 q - a ring of protection from fire (right hand)
 w - an uncursed ring of positive energy
 x - an amulet of regeneration (around neck)
 y - an uncursed ring of stealth
 C - a ring of flight (left hand)
 H - an uncursed ring of see invisible
 M - an uncursed ring of wizardry
 N - an uncursed ring of fire
 S - an uncursed ring of resist corrosion
 V - an uncursed ring of magical power
Wands
 D - a wand of polymorph (0/24)
Scrolls
 c - 2 scrolls of fog
 d - 2 scrolls of recharging
 e - 2 scrolls of amnesia
 g - 7 scrolls of remove curse
 k - 3 scrolls of enchant weapon
 m - a scroll of enchant armour
 o - a scroll of magic mapping {!r}
 p - a scroll of torment {unknown}
 E - a scroll of blinking
 I - a scroll of immolation {!r}
 O - 4 scrolls of teleportation {!r}
Potions
 j - 2 potions of flight
 t - 2 potions of cure mutation {!q}
 u - a potion of haste {!q}
 z - 3 potions of brilliance {!q}
 A - a potion of invisibility {unknown}
 G - a potion of ambrosia {unknown}
 T - 2 potions of might {!q}
Books
 J - a book of Frost
Comestibles
 f - 10 bread rations {!e}
 i - 4 beef jerkies
 F - a meat ration {!e}
 P - 4 chunks of flesh
 X - 11 slices of pizza


   Skills:
 - Level 5.0 Fighting
 - Level 13.4 Polearms
 - Level 1.7 Throwing
 - Level 8.6 Armour
 - Level 2.6 Dodging
 + Level 6.7 Stealth
 + Level 3.8 Invocations


You had 11 spell levels left.
You didn't know any spells.

Dungeon Overview and Level Annotations

Branches:
Dungeon (11/15)            Temple (1/1) D:5            Lair (0/8) D:11
    Orc: D:9-12

Altars:
Ashenzari
Cheibriados
Dithmenos
Elyvilon
Fedhas
Gozag
Kikubaaqudgha
Makhleb
Nemelex Xobeh
Okawaru
Pakellas
Qazlal
Ru
Sif Muna
Trog
Vehumet
Xom
Yredelemnul
Zin
The Shining One
Jiyva

Shops:
D:6 *


Innate Abilities, Weirdness & Mutations

You have a pair of large horns on your head.
You are mostly covered in rough black scales (AC +7, Dex -2).
Your flesh is cold resistant.
You are immune to rotting.
[Scrolls take you much longer to read.]
[Your body often deteriorates upon taking damage.]


Message History

You hit the starspawn tentacle but do no damage.
The starspawn tentacle is severely damaged.
The starspawn tentacle barely misses you.
You hit the tentacled starspawn. You freeze the tentacled starspawn.
The tentacled starspawn is moderately damaged.
You slice the tentacled starspawn!! You freeze the tentacled starspawn.
The tentacled starspawn is heavily damaged.
You slice the tentacled starspawn!! You freeze the tentacled starspawn.
You headbutt the tentacled starspawn!
The tentacled starspawn is almost destroyed.
The tentacled starspawn barely misses you.
The tentacled starspawn engulfs you but does no damage.
You slash the tentacled starspawn! You freeze the tentacled starspawn.
The tentacled starspawn is almost destroyed.
You feel like a meek peon again.
Your plate armour prevents you from hitting the tentacled starspawn.
The tentacled starspawn is almost destroyed.
You puncture the tentacled starspawn! You freeze the tentacled starspawn.
You destroy the tentacled starspawn!
The starspawn's tentacles wither and die.
Your Invocations skill gained 2 levels and is now at level 3!
You have reached level 12!
Your experience leads to an increase in your attributes!
Your base attributes are Str 18, Int 10, Dex 13.
Increase (S)trength, (I)ntelligence, or (D)exterity?
You feel agile. x2; Your demonic ancestry asserts itself...
Rough black scales spread over more of your body.
You feel the corruption within you wane somewhat.
Your body's shape seems more normal.
You feel your strength returning.
You feel your intelligence returning.
There is an open door here.
There is an open door here.
A large abomination comes into view.
A blink frog comes into view.
The blink frog croaks.
You hear a loud, deep croak! x2
The blink frog hits you.
The blink frog hits you but does no damage.
Damage: 5 (max 5)
Your plate armour prevents you from hitting the blink frog.
Your headbutt misses the blink frog. The blink frog hits you.
Damage: 3 (max 5)
A blink frog comes into view.
The blink frog gives a loud, deep croak!
The blink frog blinks!
You miss the blink frog. The blink frog hits you.
* * * LOW HITPOINT WARNING * * *
The blink frog hits you.
* * * LOW HITPOINT WARNING * * *
The large abomination hits you!!
You die...

....###### ..... #
.# . .. #
.#...#........#.. .
. #...#######..#.
... .# ....
#..'........#. .
##.## ... #
###.......#### # # #
#.##.##.............
. #.#
#..##.....######## #
#.. # . ##...X###.#
#.. #. ##..@F...# ..
#... ##.F###.# .
##.# ยง.# ... ###.#
.. ... ...


You could see a large abomination and 2 blink frogs.

Vanquished Creatures
  Gastronok (D:9)
  2 tentacled starspawn (Abyss:2)
  Erolcha (D:8)
  2 hill giants
  A cyclops (D:10)
  A worldbinder (Abyss:2)
  Psyche (D:11)
  An ancient zyme (Abyss:2)
  A hellwing (Abyss:2)
  3 trolls
  A raiju (Abyss:2)
  Prince Ribbit (D:5)
  A fire dragon zombie (Abyss:2)
  6 yaks (D:10)
  2 vampires
  A human (D:11)
  An ettin skeleton (Abyss:2)
  A hippogriff (D:7)
  Grum (D:10)
  2 vampire mosquitoes (D:10)
  4 wolves (D:10)
  A water moccasin (D:8)
  5 ice beasts
  2 sky beasts
  2 orc warriors
  2 phantoms
  An ogre (D:10)
  6 centaurs
  A small abomination (Abyss:2)
  A water moccasin zombie (D:6)
  4 scorpions
  4 killer bees (D:10)
  4 wights
  4 howler monkeys
  5 crimson imps
  A giant frog zombie (D:5)
  A giant frog skeleton (D:4)
  2 jellies
  6 orc priests
  4 hounds
  11 orc wizards
  Jessica (D:1)
  3 iguanas
  6 worker ants
  A hound skeleton (D:4)
  A hound zombie (D:3)
  A worker ant zombie (D:6)
  8 gnolls
  2 adders
  4 shadow imps
  An ooze (D:1)
  2 adder skeletons
  2 adder zombies
  A worm (D:3)
  3 dart slugs
  4 giant geckos
  30 orcs
  7 giant cockroaches
  18 goblins
  9 hobgoblins
  6 jackals
  9 kobolds
  7 quokkas
  A ball python (D:3)
  9 bats
  A giant newt (D:2)
  2 quokka skeletons
  11 rats
252 creatures vanquished.

Vanquished Creatures (others)
  A sky beast (D:7)
  An orc priest (D:8)
  6 starspawn tentacles (Abyss:2)
  12 starspawn tentacle segments (Abyss:2)
20 creatures vanquished.

Grand Total: 272 creatures vanquished

Notes
Turn   | Place    | Note
--------------------------------------------------------------
     0 | D:1      | Gorice the Demonspawn Gladiator began the quest for the Orb.
     0 | D:1      | Reached XP level 1. HP: 16/16 MP: 1/1
   177 | D:1      | Reached skill level 3 in Polearms
   195 | D:1      | Gained mutation: You are partially covered in rough black scales (AC +4, Dex -1). [demonic ancestry]
   195 | D:1      | Reached XP level 2. HP: 16/22 MP: 2/2
   594 | D:1      | Gained mutation: You are immune to rotting. [demonic ancestry]
   594 | D:1      | Reached XP level 3. HP: 26/28 MP: 3/3
   860 | D:2      | Noticed Jessica
   886 | D:1      | Killed Jessica
   886 | D:1      | Reached skill level 4 in Polearms
   886 | D:1      | Gained mutation: You have a pair of small horns on your head. [demonic ancestry]
   886 | D:1      | Reached XP level 4. HP: 13/34 MP: 4/4
  1151 | D:2      | Reached skill level 3 in Fighting
  1174 | D:2      | Found a shattered altar of Ashenzari.
  1300 | D:2      | Found a white marble altar of Elyvilon.
  1394 | D:2      | Found a basalt altar of Yredelemnul.
  1828 | D:3      | Reached XP level 5. HP: 19/41 MP: 5/5
  1830 | D:3      | HP: 2/41 [orc priest/divine providence (12)]
  1835 | D:3      | HP: 6/41 [orc/trident (2)]
  1842 | D:3      | HP: 9/61 [worm (1)]
  1946 | D:3      | HP: 12/42 [giant gecko (2)]
  1952 | D:3      | HP: 10/42 [goblin[Robin] (3)]
  1962 | D:3      | HP: 3/42 [gnoll/whip (8)]
  1963 | D:3      | Reached skill level 5 in Polearms
  2626 | D:4      | Reached skill level 4 in Fighting
  2626 | D:4      | Gained mutation: Your flesh is cold resistant. [demonic ancestry]
  2626 | D:4      | Reached XP level 6. HP: 44/48 MP: 6/6
  3598 | D:5      | Entered Level 5 of the Dungeon
  3738 | D:5      | Reached skill level 6 in Polearms
  3743 | D:5      | HP: 14/49 [orc/whip (5)]
  3744 | D:5      | Reached XP level 7. HP: 15/55 MP: 7/7
  4150 | D:5      | Reached skill level 5 in Fighting
  4276 | D:5      | Reached skill level 1 in Armour
  4307 | D:5      | Found a staircase to the Ecumenical Temple.
  4311 | D:5      | Noticed Prince Ribbit
  4316 | Temple   | Entered the Ecumenical Temple
  4410 | D:5      | Killed Prince Ribbit
  4410 | D:5      | Reached skill level 7 in Polearms
  4416 | D:5      | Reached skill level 2 in Armour
  4422 | D:5      | Found a sparkling altar of Nemelex Xobeh.
  4825 | D:6      | Reached XP level 8. HP: 53/62 MP: 8/8
  4866 | D:6      | Found Nphent's Needful Niceties.
  4891 | D:6      | HP: 12/62 [orc priest/divine providence (11)]
  5017 | D:6      | Reached skill level 8 in Polearms
  5139 | D:6      | Reached skill level 3 in Armour
  5640 | D:7      | Found a sacrificial altar of Ru.
  5640 | D:7      | Found a deep blue altar of Sif Muna.
  5734 | D:7      | HP: 18/62 [wight/halberd of freezing (9)]
  5737 | D:7      | HP: 6/62 [orc priest/divine providence (10)]
  5839 | D:7      | Reached skill level 9 in Polearms
  5863 | D:7      | Reached skill level 4 in Armour
  5967 | D:7      | Gained mutation: You have a pair of horns on your head. [demonic ancestry]
  5967 | D:7      | Reached XP level 9. HP: 68/68 MP: 9/9
  5971 | D:7      | Found a shadowy altar of Dithmenos.
  6056 | D:7      | Found a burning altar of Makhleb.
  6407 | D:7      | Found an oddly glowing altar of Pakellas.
  6688 | D:8      | Reached skill level 10 in Polearms
  6688 | D:8      | Reached skill level 5 in Armour
  6720 | D:8      | Noticed Erolcha
  6722 | D:8      | HP: 19/68 [Erolcha/bolt of lightning (28)]
  6939 | D:8      | Noticed a troll
  6947 | D:8      | Killed a troll
  6966 | D:8      | Found an iron altar of Okawaru.
  6966 | D:8      | Found a shimmering altar of Xom.
  6974 | D:8      | Became a worshipper of Warmaster Okawaru
  7116 | D:8      | Found a glowing silver altar of Zin.
  7131 | D:8      | Killed Erolcha
  7131 | D:8      | Reached * piety under Okawaru
  7131 | D:8      | Reached skill level 11 in Polearms
  7131 | D:8      | Reached skill level 6 in Armour
  7131 | D:8      | Gained mutation: You have a pair of large horns on your head. [demonic ancestry]
  7131 | D:8      | Reached XP level 10. HP: 63/74 MP: 10/10
  7340 | D:9      | Noticed a hill giant
  7349 | D:9      | Killed a hill giant
  7434 | D:9      | HP: 15/74 [vampire/vampiric draining (13)]
  7440 | D:9      | Reached ** piety under Okawaru
  7816 | D:9      | Noticed Gastronok
  7833 | D:9      | Killed Gastronok
  7833 | D:9      | Reached *** piety under Okawaru
  7833 | D:9      | Reached skill level 12 in Polearms
  7833 | D:9      | Reached skill level 7 in Armour
  8066 | D:10     | Entered Level 10 of the Dungeon
  8087 | D:10     | Noticed Sonja
  8093 | D:10     | HP: 21/74 [poisoned by Sonja (curare-tipped needle)]
  8097 | D:10     | HP: 9/74 [yak (9)]
  8104 | D:10     | HP: 15/74 [yak (1)]
  8114 | D:10     | HP: 22/74 [yak (8)]
  8122 | D:10     | HP: 21/74 [sky beast (5)]
  8128 | D:10     | HP: 20/74 [orc/hand axe of flaming (2)]
  8305 | D:10     | Noticed Sonja
  8305 | D:10     | Sonja changed into Sonja the ogre
  8308 | D:10     | Killed Sonja the ogre
  8418 | D:10     | Reached **** piety under Okawaru
  8427 | D:10     | Reached XP level 11. HP: 59/79 MP: 11/11
  8488 | D:10     | Reached skill level 8 in Armour
  8507 | D:10     | Received a gift from Okawaru
  8779 | D:10     | Noticed Grum
  8792 | D:10     | Killed Grum
  8794 | D:10     | Reached skill level 13 in Polearms
  8825 | D:10     | Noticed a hill giant
  8834 | D:10     | Killed a hill giant
  9331 | D:11     | Found a staircase to the Lair.
  9425 | D:11     | Noticed Psyche
  9437 | D:11     | Killed Psyche
  9486 | D:11     | Noticed a wizard
  9489 | D:11     | Cast into level 2 of the Abyss (a wizard)
  9539 | Abyss:2  | Reached skill level 1 in Stealth
  9568 | Abyss:2  | Reached skill level 2 in Stealth
  9590 | Abyss:2  | Reached skill level 3 in Stealth
  9592 | Abyss:2  | Noticed a tentacled starspawn
  9603 | Abyss:2  | Killed a tentacled starspawn
  9603 | Abyss:2  | Reached skill level 5 in Stealth
  9625 | Abyss:2  | Noticed a starcursed mass
  9634 | Abyss:2  | HP: 17/79 [large abomination (28)]
  9638 | Abyss:2  | HP: 7/79 [starcursed mass/accursed screaming (6)]
  9645 | Abyss:2  | HP: 3/79 [starcursed mass/accursed screaming (7)]
  9755 | Abyss:2  | Noticed a wretched star
  9770 | Abyss:2  | Noticed an orb spider
  9810 | Abyss:2  | Noticed a tentacled starspawn
  9843 | Abyss:2  | HP: 11/79 [ettin skeleton (17)]
  9849 | Abyss:2  | Reached skill level 6 in Stealth
  9849 | Abyss:2  | Reached skill level 1 in Invocations
  9859 | Abyss:2  | Killed a tentacled starspawn
  9859 | Abyss:2  | Reached skill level 3 in Invocations
  9859 | Abyss:2  | Gained mutation: You are mostly covered in rough black scales (AC +7, Dex -2). [demonic ancestry]
  9859 | Abyss:2  | Reached XP level 12. HP: 26/86 MP: 10/14
  9878 | Abyss:2  | HP: 24/86 [blink frog (5)]
  9878 | Abyss:2  | Mangled by a large abomination

Vault maps used:
D:1:      minmay_arrival_arboretum_small
D:2:      kennysheep_ying_yang, nicolae_ashenzari_panopticon, uniq_jessica
D:3:      first_bread, serial_undead, serial_undead_b, serial_undead_a,
          serial_undead_e, serial_undead_e, uniq_robin
D:5:      kennysheep_mini_moat, minmay_temple_entry_statues_fountains,
          grunt_decor_one_mirror, serial_bayou_ford_a, uniq_prince_ribbit1
D:6:      minmay_misc_feat_nine_boxes, minivault_27, minmay_misc_feat_roman,
          nicolae_alphabet_shops
D:7:      bloody_makhleb, lemuel_crystal_altar,
          nicolae_dithmenos_through_a_glass_darkly, grunt_temple_overflow_open
D:8:      kennysheep_mini, okawaru_ov_weapons_minmay,
          nicolae_overflow_crystal_walls, uniq_erolcha
D:9:      uniq_gastronok
D:10:     uniq_sonja, uniq_grum
D:11:     hangedman_cross_veins, grunt_pizzeria, david_defended_altar_orc,
          uniq_psyche
Temple:   pf_slimified_temple
Abyss:2:  hangedman_abyss_sting, evilmike_abyss_exit_mutagenic

Skill      XL: |  1  2  3  4  5  6  7  8  9 10 11 |
---------------+----------------------------------+-----
Polearms       | 3 4 5 6 7 9 11 12 13 | 13.4
Fighting       | 3 4 5 |  5.0
Armour         | 2 4 6 7 8 |  8.6
Stealth        | 6 |  6.7
Invocations    | 3 |  3.8
Throwing       | |  1.7
Dodging        | |  2.6

Action                   |  1- 3 |  4- 6 |  7- 9 | 10-12 || total
-------------------------+-------+-------+-------+-------++-------
Melee: Trident           |    86 |   279 |   287 |    21 ||   673
       Halberd           |       |       |   135 |   274 ||   409
Throw: Throwing net      |     1 |       |     1 |     5 ||     7
       Tomahawk          |       |       |     6 |       ||     6
       Javelin           |       |       |     1 |    11 ||    12
Invok: Heroism           |       |       |       |    12 ||    12
Evoke: Wand              |       |       |       |     4 ||     4
  Use: Scroll            |     4 |    14 |     6 |     6 ||    30
       Potion            |       |     2 |     6 |     8 ||    16
 Stab: Distracted        |     1 |       |       |       ||     1
       Held in net/web   |       |       |     1 |     2 ||     3
  Eat: Chunk             |       |     9 |    10 |     5 ||    24
       Royal jelly       |       |       |     1 |       ||     1
       Meat ration       |       |       |       |     1 ||     1

Table legend:
 A = Turns spent in this place as a percentage of turns spent in the entire game.
 B = Non-inter-level travel turns spent in this place as a percentage of non-inter-level travel turns spent in the entire game.
 C = Inter-level travel turns spent in this place as a percentage of turns spent in this place.
 D = Turns resting spent in this place as a percentage of non-inter-level travel turns spent in this place.
 E = Turns spent auto-exploring this place as a percentage of non-inter-level travel turns spent in this place.
 F = Non-inter-level travel turns spent in this place divided by the number of levels of this place that you've seen.
                   A       B       C       D       E      F
               +-------+-------+-------+-------+-------+----------------------
         Total | 100.0 | 100.0 |   0.3 |   1.8 |   6.6 | 282.5
       Dungeon |  87.2 |  87.2 |   0.3 |   2.1 |   7.6 | 291.2
        Temple |   2.1 |   2.1 |   0.0 |   0.0 |   0.0 |  77.0
         Abyss |  10.7 |  10.7 |   0.0 |   0.0 |   0.0 | 393.0
               +-------+-------+-------+-------+-------+----------------------

Vault maps used:
D:1:      minmay_arrival_arboretum_small
D:2:      kennysheep_ying_yang, nicolae_ashenzari_panopticon, uniq_jessica
D:3:      first_bread, serial_undead, serial_undead_b, serial_undead_a,
          serial_undead_e, serial_undead_e, uniq_robin
D:5:      kennysheep_mini_moat, minmay_temple_entry_statues_fountains,
          grunt_decor_one_mirror, serial_bayou_ford_a, uniq_prince_ribbit1
D:6:      minmay_misc_feat_nine_boxes, minivault_27, minmay_misc_feat_roman,
          nicolae_alphabet_shops
D:7:      bloody_makhleb, lemuel_crystal_altar,
          nicolae_dithmenos_through_a_glass_darkly, grunt_temple_overflow_open
D:8:      kennysheep_mini, okawaru_ov_weapons_minmay,
          nicolae_overflow_crystal_walls, uniq_erolcha
D:9:      uniq_gastronok
D:10:     uniq_sonja, uniq_grum
D:11:     hangedman_cross_veins, grunt_pizzeria, david_defended_altar_orc,
          uniq_psyche
Temple:   pf_slimified_temple
Abyss:2:  hangedman_abyss_sting, evilmike_abyss_exit_mutagenic
